 Dungeon Crawl Stone Soup version 0.23.0-3-gf3c87f2 (webtiles) character file.

Game seed: 10582770055493864682

268 Scud the Skirmisher (level 6, -4/58 HPs)
             Began as a Naga Fighter on Feb 23, 2019.
             Slain by an iguana (12 damage)
             ... on level 4 of the Dungeon.
             The game lasted 00:09:53 (2822 turns).

Scud the Skirmisher (Naga Fighter)                  Turns: 2822, Time: 00:09:54

Health: -4/58      AC:  5    Str: 26    XL:     6   Next: 21%
Magic:  6/6        EV:  4    Int:  8    God:
Gold:   170        SH: 14    Dex: 10    Spells: 5/5 levels left

rFire    . . .     SeeInvis +   a - +1 war axe
rCold    . . .     Gourm    .   c - +2 shield
rNeg     . . .     Faith    .   b - +0 scale mail
rPois    +         Spirit   .   (no helmet)
rElec    .         Reflect  +   (no cloak)
rCorr    .         Harm     .   (no gloves)
MR       .....                  (no barding)
Stlth    ..........             h - +3 amulet of reflection
HPRegen  0.19/turn              d - -2 ring of evasion (curse)
MPRegen  0.10/turn              (no ring)

@: mighty, lethally poisoned (-4 -> -4), very slow
A: large, see invisible, deformed body, poison resistance, slowness 2, slow
metabolism 1, spit poison 1, AC +2
a: Spit Poison


You were on level 4 of the Dungeon.
You were not hungry.

You visited 1 branch of the dungeon, and saw 4 of its levels.

You collected 170 gold pieces.

Inventory:

Hand Weapons
 a - a +1 war axe (weapon)
Armour
 b - a +0 scale mail (worn)
 c - a +2 shield (worn)
Jewellery
 d - a cursed -2 ring of evasion (left hand)
 h - a +3 amulet of reflection (around neck)
Scrolls
 k - a scroll of teleportation
Potions
 e - a potion of lignification {unknown}
 g - 2 potions of heal wounds {unknown}
 j - 2 potions of haste {unknown}
 l - a potion of curing {unknown}
Comestibles
 f - 2 rations


   Skills:
 * Level 4.3 Fighting
 + Level 3.4 Axes
 + Level 3.3 Armour
 + Level 1.0 Dodging
 + Level 3.3 Shields


You had 5 spell levels left.
You didn't know any spells.
Your spell library was empty.

Dungeon Overview and Level Annotations

Branches:
Dungeon (4/15)             Temple (0/1) D:4

Altars:
Gozag
Okawaru
The Shining One


Innate Abilities, Weirdness & Mutations

You cannot wear boots.
Your serpentine skin is tough. (AC +2)
You have supernaturally acute eyesight. (SInv)
Armour fits poorly on your strangely shaped body.
Your system is resistant to poisons. (rPois)
You cover ground very slowly.
You have a slow metabolism.
You can spit poison.


Message History

The adder is heavily wounded.
You closely miss the iguana. You block the adder's attack.
The iguana bites you. The adder bites you.
You slash the adder!
You kill the adder!
You barely miss the iguana.
You feel sick. You block the iguana's attack. x2
You closely miss the iguana.
The iguana is heavily wounded.
You block the iguana's attack.
You barely miss the iguana.
The iguana is heavily wounded.
The iguana bites you.
* * * LOW HITPOINT WARNING * * *
You hit the iguana but do no damage.
The iguana is heavily wounded.
You feel sick. You block the iguana's attack. The iguana bites you!
* * * LOW HITPOINT WARNING * * *
You feel very mighty all of a sudden. The iguana bites you!
You die...

## .. .##
..#### .
..#.##..?.###..
#..............
.....##<......#
.......@†⌠8.###
.#####.l......#
#.>.⌠8.#.#
..........
####.⌠8....
.....#. #....#
#####


You could see an iguana.

Vanquished Creatures
  An orc priest (D:3)
  Jessica (D:3)
  Natasha (thrice) (D:3)
  A worker ant (D:3)
  4 adders
  An ooze (D:3)
  3 worms
  2 dart slugs (D:1)
  A leopard gecko (D:2)
  5 orcs (D:3)
  5 bats
  4 giant cockroaches
  7 hobgoblins
  6 jackals (D:2)
  4 frilled lizards
  3 goblins
  5 kobolds
  4 rats
60 creatures vanquished.

Vanquished Creatures (others)
  A goblin (D:3)
  A kobold (D:3)
2 creatures vanquished.

Grand Total: 62 creatures vanquished

Notes
Turn   | Place    | Note
-------+----------+-------------------------------------------
     0 | D:1      | Scud the Naga Fighter began the quest for the Orb.
     0 | D:1      | Reached XP level 1. HP: 21/21 MP: 1/1
   281 | D:1      | Reached XP level 2. HP: 22/28 MP: 2/2
   734 | D:2      | Reached XP level 3. HP: 14/34 MP: 3/3
  1481 | D:3      | Reached XP level 4. HP: 8/44 MP: 4/4
  1921 | D:3      | Noticed Natasha
  1934 | D:3      | Killed Natasha
  1934 | D:3      | Reached skill level 4 in Fighting
  1934 | D:3      | Reached XP level 5. HP: 33/50 MP: 5/5
  1937 | D:3      | Noticed Natasha
  1945 | D:3      | Killed Natasha
  2085 | D:3      | Noticed Natasha
  2092 | D:3      | Killed Natasha
  2491 | D:3      | Found an opulent altar of Gozag.
  2491 | D:3      | Found a glowing golden altar of the Shining One.
  2683 | D:3      | Reached XP level 6. HP: 53/57 MP: 6/6
  2761 | D:3      | Noticed Jessica
  2764 | D:3      | Killed Jessica
  2767 | D:3      | Found an iron altar of Okawaru.
  2810 | D:4      | Found a staircase to the Ecumenical Temple.
  2813 | D:4      | Reached skill level 1 in Dodging
  2822 | D:4      | Slain by an iguana

Skill      XL: |  1  2  3  4  5  6 |
---------------+-------------------+-----
Armour         | 3 |  3.3
Fighting       | 4 |  4.3
Shields        | 3 |  3.3
Axes           | 3 |  3.4
Dodging        | 1 |  1.0

Action                   |  1- 3 |  4- 6 || total
-------------------------+-------+-------++-------
Melee: War axe           |   121 |   109 ||   230
 Abil: Spit Poison       |     3 |     1 ||     4
  Use: Potion            |     1 |     1 ||     2
       Scroll            |       |     6 ||     6
  Eat: Chunk             |     1 |     2 ||     3
       Ration            |       |     1 ||     1
Armor: Scale mail        |    68 |    37 ||   105
Dodge: Dodged            |    48 |    17 ||    65
Block: Shield            |    78 |   116 ||   194
       Reflection        |       |     5 ||     5
